ThickCorina, lawful female human Samurai }}}}}}}}} }}}}}}}}} }}}}}}}}}}}}}}}}}}....... }}}}}}}}}}} }}}}}}}}}}}}}}}}}}}}}}}}}}}}}}}..... }}}}}}}}}}}}} }}}}}}}}}}}}}}}}}}}}}}}}}}}}}}}}}}}.. -------}}}}}-------}}}}}}}-------}}}}}------- }}}}}}}}}}}}}} --...++--}}---.....---}}}---.....---}}- ...(.--}}}}}}}}}}}}}} --- |.....++-}--........ --}-- .........-}+(......|}}}}}---}}}}}} ---(---}}.|-.....-|}. ....... |.| ....... ..}%....(..|}}}---(---}}}} --.....--.-..-.+-.--..--...+... ...+...-.-.....+.-...}--.....--}}} ---.%))....-...........|...... ............ ...........D@..---} |(..[.).)%%.+.*..........%..........\............-. .....+..!..{....(|} --.......[..|...(%..^........oCC.oDhh.T........... ..`|%-.......---} }}-......--}.-.-.+............................... - ...}.......--}}} }}}---(--- }}.-.......}--.......\............-...-} . |}}}-.-(.--}}}} }} --- }|.......|.}}}}..............-....}}}}}| |}}}}}.--}}}}}} --.)...--}.}}}}}}}..---+---..}}}}}}}}}-- --}}}}}}}}}}}}}} -------}}}}}}}}}}}}}}}.}}}}}}}}}}}}}}}-------}}}}}}}}}}}}}}^ }}}}}}}}}}}}}.}}}.......}}}}}}}}}}}}}}}}}}}}}}}}}}}}}}.... }}}}}}}}}}}}}...<#.(.%..#...}}}}}}}}}}}}}}}}}}}}}.....%.). }}}}}}}}}}......^[.[.........^..}}}}}}}}}}}}}}}........... ThickCorina the Ryoshu Experience level: 14 Strength: 18/03 Dexterity: 17 Constitution: 19 Intelligence: 10 Wisdom: 8 Charisma: 7 Health: 0(125) Energy: 45(45) Def: 22 Gold: 0 Moves: 26447 Dungeon seed: iane6xVLr5K6LdRK Game ID: ThickCorina_1497101487 Your Inventory: Amulets B - an uncursed amulet of reflection (being worn) Weapons a - the blessed rustproof +0 Excalibur (weapon in hand) b - an uncursed corroded +0 katana (alternate weapon; not wielded) g - 16 blessed +0 shuriken (in quiver) Armor e - a blessed +3 cloak of protection (being worn) q - an uncursed -1 pair of levitation boots w - a blessed +1 pair of elven boots (being worn) y - an uncursed +0 pair of yugake (being worn) Y - an uncursed +0 dwarvish mithril-coat (being worn) Z - a blessed +1 dwarvish iron helm (being worn) Comestibles G - an uncursed lizard corpse P - an uncursed K-ration Scrolls Q - 6 uncursed scrolls of blank paper X - 4 uncursed scrolls of blank paper Rings v - an uncursed +2 ring of gain constitution (on left hand) U - an uncursed ring of teleport control (on right hand) Wands p - an uncursed wand of fire (0:1) E - an uncursed wand of teleportation (0:5) Tools h - an uncursed -3 unicorn horn l - an uncursed greased sack r - an uncursed stethoscope s - a blessed greased bag of holding u - an uncursed osaku x - an uncursed +0 pick-axe L - a blessed magic lamp (lit) Gems N - a blessed luckstone Contents of the sack: a potion of holy water Contents of the bag of holding: 7150 gold pieces a [uncursed] amulet of life saving 7 blessed +0 shuriken 11 uncursed [+1] shuriken an uncursed [+1] Hawaiian shirt 3 uncursed C-rations 2 uncursed K-rations a [cursed] scroll of blank paper an uncursed scroll of confuse monster a blessed scroll of create monster an uncursed scroll of destroy armor a blessed scroll of earth 2 uncursed scrolls of earth 2 uncursed scrolls of enchant armor 2 uncursed scrolls of enchant weapon a [blessed] scroll of fire 4 uncursed scrolls of gold detection 2 blessed scrolls of identify a blessed scroll of light 4 uncursed scrolls of light an uncursed scroll of magic mapping a [cursed] scroll of magic mapping a blessed scroll of remove curse a [uncursed] scroll of stinking cloud 3 uncursed scrolls of teleportation 2 uncursed scrolls of water an uncursed potion of enlightenment 3 uncursed potions of extra healing an uncursed potion of full healing 2 uncursed potions of gain level an uncursed potion of hallucination a [blessed] potion of hallucination an uncursed potion of healing a cursed potion of healing 7 potions of holy water 4 uncursed potions of invisibility a [cursed] potion of invisibility a [uncursed] potion of levitation 2 blessed potions of monster detection an uncursed potion of monster detection a cursed potion of monster detection 2 blessed potions of object detection 2 uncursed potions of object detection 2 cursed potions of object detection a [cursed] potion of oil 2 [uncursed] potions of restore ability 3 uncursed potions of sickness a blessed potion of sleeping 3 uncursed potions of speed 2 uncursed potions of water a cursed ring of aggravate monster an uncursed ring of conflict an uncursed ring of polymorph control a [uncursed] ring of see invisible a cursed [-2] ring of stealth an uncursed ring of teleport control an uncursed wand of cold (0:7) an uncursed wand of cold [0:8] an uncursed wand of digging (0:5) an uncursed wand of digging (0:4) an uncursed wand of digging [0:5] an uncursed wand of digging [0:5] an uncursed wand of enlightenment [0:9] an uncursed wand of light [0:6] a [uncursed] wand of lightning [0:1] an uncursed wand of magic missile (0:0) an uncursed wand of make invisible [0:2] an uncursed wand of opening (0:4) an uncursed wand of probing (0:3) an uncursed wand of secret door detection [0:13] an uncursed wand of secret door detection [0:10] an uncursed wand of sleep (0:2) an uncursed wand of sleep [0:8] an uncursed wand of striking [0:5] an uncursed wand of teleportation (0:3) an uncursed wand of undead turning (0:6) a cursed blindfold an uncursed expensive camera [0:96] a blessed magic marker (0:19) an uncursed [+0] unicorn horn a [uncursed] [+0] unicorn horn an uncursed amber 2 uncursed amethysts 2 uncursed diamonds an uncursed jasper 3 uncursed rubies an uncursed touchstone Spells and supernatural/magical abilities: Name Level Category Fail Memory a - create monster 2 clerical 100% 5% W - pray for help -- divine ? -- Your skills at the end: Miscellaneous Skills martial arts [Basic] two weapon combat [Skilled] shield [Skilled] wands [Basic] stealth [Basic] Weapon Skills short sword [Basic] long sword [Skilled] bow [Basic] shuriken [Skilled] Spellcasting Skills Final Attributes: You were piously aligned. You were fire resistant. You were cold resistant. You were sleep resistant. You were disintegration-resistant. You were shock resistant. You were poison resistant. You were level-drain resistant. Your writing hand was ok. You saw invisible. You were telepathic. You had automatic searching. You were invisible to others. You were somewhat stealthy. You had teleport control. You were protected. You were fast. You had reflection. You were extremely lucky. You had extra luck. Good luck did not time out for you. You are dead. Vanquished creatures: Medusa a gray dragon a silver dragon 2 white dragons a black dragon 2 green dragons a yellow dragon a glass golem a purple worm 3 minotaurs a jabberwock a baluchitherium 2 young silver dragons 3 young red dragons a young white dragon 3 young orange dragons 2 young black dragons 2 young green dragons 4 stone golems a master mind flayer a Nazgul 2 trappers a gryphon 5 vampire lords 3 captains a lich a nurse 2 ice devils 2 nalfeshnees a black pudding 9 vampires 19 ghosts an ettin 3 lieutenants a valkyrie a mind flayer 3 giant mimics a fire giant 2 ogre kings 2 Elvenkings an ice troll 4 rock trolls an umber hulk a flesh golem a doppelganger a hezrou 4 bone devils a large mimic a wumpus 2 long worms 3 stalkers 2 earth elementals a hill giant 2 xorns 14 giant zombies 3 vrocks a warg a winter wolf 3 quantum mechanics 2 small mimics a warhorse 3 xans 3 ettin mummies an ogre lord 11 trolls an erinys a djinni 4 pyrolisks a large dog 4 freezing spheres 3 shocking spheres 2 large cats a tiger a dwarf king a tengu 3 gelatinous cubes 2 ochre jellies 2 crocodiles a chameleon 2 leocrottas 4 mountain centaurs 3 elf mummies 2 red nagas 5 Grey-elves 2 pythons 3 cobras 20 wraiths 12 ettin zombies 4 soldiers 2 horned devils 5 succubi 2 incubi 3 giant beetles a cockatrice 4 wolves 3 winter wolf cubs a black light a lynx 21 gremlins 28 leprechauns a quivering blob 3 lizards a mountain nymph 3 orc-captains 2 mumakil 4 giant spiders 2 scorpions an iron piercer 5 horses an ice vortex 7 vampire bats 2 forest centaurs 6 gnome kings 4 orc mummies 5 dwarf mummies an ogre 5 brown puddings 2 Green-elves 4 rust monsters 4 owlbears 4 yetis a gold golem a werewolf 3 piranhas a chickatrice a dog 3 jaguars a dwarf lord 3 water nymphs 2 gray unicorns 2 black unicorns 3 dust vortices 2 ravens 2 plains centaurs a gnome mummy 4 Woodland-elves 3 snakes 9 apes 11 human zombies 4 soldier ants 3 fire ants 6 yellow lights 11 bugbears an imp 3 quasits a wood nymph 12 Mordor orcs 11 Uruk-hai 3 orc shamans 2 rock moles 2 rock piercers 3 ponies 5 fog clouds 2 shriekers 3 violet fungi 15 gnome lords 6 gnomish wizards 3 kobold mummies a red naga hatchling 3 black naga hatchlings a golden naga hatchling 5 gray oozes a barrow wight 11 elf zombies 13 ghouls 4 giant ants 5 floating eyes 2 kittens 7 dwarves a homunculus 2 kobold lords 2 kobold shamans 6 iguanas 19 hill orcs 6 rothes a rabid rat 4 centipedes 2 jitterbugs a giant bat 4 monkeys 14 orc zombies 10 dwarf zombies 2 wererats 2 werejackals 44 killer bees 7 coyotes 4 hobbits an acid blob 2 large kobolds 3 geckos 7 hobgoblins 2 giant rats 4 brown molds a green mold 67 gnomes 11 manes 11 gnome zombies 5 jackals 2 foxes 4 kobolds 6 newts 5 goblins 6 sewer rats 3 grid bugs 4 bats 3 lichens 12 kobold zombies 877 creatures vanquished. Voluntary challenges: You did not cause conflict. You used a wielded weapon 2143 times, starting on turn 10. You did not use sinks. You read items or engraved 22 times, starting on turn 2911. You never genocided any monsters. You never polymorphed an object. You never changed form. You used no wishes. You split 1 pudding, starting on turn 13464. You wrote Elbereth's name 2 times, starting on turn 10650. You violated your moral code, losing 2 points of alignment, starting on turn 6119. Dungeon overview: The Dungeons of Doom: levels 1 to 31 Level 1 some fountains a long staircase Level 2 a fountain Level 3 some fountains stairs to The Gnomish Mines Level 4 a fountain Level 5 an altar to Amaterasu Omikami, many fountains Level 6 a fountain stairs to Sokoban Level 7 Level 8 a sink Level 9 Level 10 Level 11 a temple to Susanowo, a fountain Level 12 a fountain Level 13 a throne Level 14 some fountains Level 15 Level 16 some fountains Level 17 Level 18 some fountains Level 19 Level 20 a fountain Level 21 Level 22 Level 23 a fountain Level 24 a temple to Susanowo Level 25 Level 26 Level 27 Level 28 Level 29 Level 30 Level 31 <- You were here some fountains, some thrones, some trees Gehennom: levels 32 to 33 Level 32 a temple to Moloch, a magic chest stairs to The Dungeons of Doom Level 33 The Gnomish Mines: levels 4 to 12 Level 4 stairs to The Dungeons of Doom Level 5 Level 6 Level 7 some shops, a temple to Susanowo, a magic chest, some fountains Level 8 Level 9 Level 10 Level 11 Level 12 a magic chest Sokoban: levels 2 to 5 Level 2 a magic chest Level 3 Level 4 Level 5 a magic chest stairs to The Dungeons of Doom History has recorded: On T:1 you entered the Dungeons of Doom to retrieve the Amulet of Yendor! On T:332 you reached level 2 of The Dungeons of Doom. On T:363 you reached level 3 of The Dungeons of Doom. On T:366 you reached level 4 of The Dungeons of Doom. On T:714 you reached level 1 of The Gnomish Mines. On T:721 you advanced to experience level 2. On T:754 you advanced to experience level 3. On T:769 you reached level 2 of The Gnomish Mines. On T:793 you reached level 3 of The Gnomish Mines. On T:999 you advanced to experience level 4. On T:1133 you advanced to experience level 5. On T:1210 you reached level 4 of The Gnomish Mines. On T:1300 you entered the Minetown temple On T:1696 you advanced to experience level 6. On T:1779 you opened a magic chest. On T:2047 you reached level 5 of The Gnomish Mines. On T:2772 you advanced to experience level 7. On T:3367 you advanced to experience level 8. On T:3547 you reached level 6 of The Gnomish Mines. On T:3798 you reached level 7 of The Gnomish Mines. On T:4029 you reached level 8 of The Gnomish Mines. On T:4271 you reached level 9 of The Gnomish Mines. On T:4271 you reached the bottom of the Mines. On T:5231 you advanced to experience level 9. On T:5402 you prayed to Amaterasu Omikami. On T:8211 you reached level 5 of The Dungeons of Doom. On T:8417 you prayed to Amaterasu Omikami. On T:8559 you reached level 6 of The Dungeons of Doom. On T:8625 you reached level 4 of Sokoban. On T:8939 you reached level 3 of Sokoban. On T:9471 you reached level 2 of Sokoban. On T:9777 you reached level 1 of Sokoban. On T:10101 you reached level 7 of The Dungeons of Doom. On T:10290 you reached level 8 of The Dungeons of Doom. On T:10562 you reached level 9 of The Dungeons of Doom. On T:10647 you prayed to Amaterasu Omikami. On T:10783 you advanced to experience level 10. On T:13023 you reached level 10 of The Dungeons of Doom. On T:13265 you reached level 11 of The Dungeons of Doom. On T:13698 you reached level 12 of The Dungeons of Doom. On T:13850 you reached level 13 of The Dungeons of Doom. On T:14393 you reached level 14 of The Dungeons of Doom. On T:14405 you reached level 15 of The Dungeons of Doom. On T:14861 you reached level 16 of The Dungeons of Doom. On T:15087 you reached level 17 of The Dungeons of Doom. On T:15087 you entered the Rogue tribute level. On T:15341 you reached level 18 of The Dungeons of Doom. On T:15916 you reached level 19 of The Dungeons of Doom. On T:15943 you advanced to experience level 11. On T:16126 you reached level 20 of The Dungeons of Doom. On T:16432 you reached level 21 of The Dungeons of Doom. On T:16490 you reached level 22 of The Dungeons of Doom. On T:16803 you reached level 23 of The Dungeons of Doom. On T:16810 you prayed to Amaterasu Omikami. On T:17915 you reached level 24 of The Dungeons of Doom. On T:17960 you prayed to Amaterasu Omikami. On T:18601 you reached level 25 of The Dungeons of Doom. On T:18749 you advanced to experience level 12. On T:19459 you killed Medusa on level 25 of The Dungeons of Doom. On T:19723 you reached level 26 of The Dungeons of Doom. On T:19933 you reached level 27 of The Dungeons of Doom. On T:20125 you reached level 28 of The Dungeons of Doom. On T:20590 you reached level 29 of The Dungeons of Doom. On T:21063 you reached level 30 of The Dungeons of Doom. On T:21195 you reached The Castle. On T:23275 you reached The Valley of the Dead. On T:23427 you advanced to experience level 13. On T:23451 you advanced to experience level 14. On T:24762 you reached level 2 of Gehennom. Score breakdown: Gold: 7150 ( 715 points) Experience: 14 levels ( 1300 points) Exploration: 33 levels ( 960 points) Discoveries: 89 items ( 2000 points) Variety of kills: 207 monsters ( 2000 points) Major goal: reached Mine's End ( 1000 points) Survival: died (score multiplied by 3) Total score: 23925 Latest messages: Status of the young white dragon (chaotic): Level 17 HP 92(92) Def 11. You slash the young white dragon! The young white dragon bites! The young white dragon claws you! The young white dragon just misses! The young white dragon bites! The young white dragon claws you! (2x) You hack the young white dragon! The young white dragon bites! The young white dragon claws you! (2x) The young white dragon bites! The young white dragon claws you! (2x) A mysterious force prevents the young white dragon from teleporting! The young white dragon bites! The young white dragon claws you! (2x) The young white dragon bites! The young white dragon claws you! (2x) The young white dragon bites! You die... Final status: Sayonara ThickCorina the Samurai, killed by a young white dragon... You died in The Dungeons of Doom on dungeon level 31 with 23925 points, and 7150 pieces of gold, after 26447 moves. You were level 14 with a maximum of 125 hit points when you died.